2945 views
Uploaded 2020-03-13 20:47:21
Game version 1.32.2
28:24 long 3on3 ladder game on (6)TimbermawHold
Saved by BEARAND
2945 views
Uploaded 2020-03-13 20:47:21
Game version 1.32.2
28:24 long 3on3 ladder game on (6)TimbermawHold


113 units @ 8.3k
/ 0.2k
346 buildings @ 22k
/ 10.6k



| Staff of Sanctuary | 3 | 750 |
| Staff of Teleportation | 3 | 450 |
| Boots of Speed | 3 | 750 |
| Orb of Venom | 1 | 325 |
| total: | 10 | 2275g |
| Peasant | 13 | 975 | / | 0 |
| Priest | 1 | 135 | / | 10 |
| Dragonhawk Rider | 7 | 1400 | / | 210 |
| total: | 21 | 2510g | / | 220w |
| Scout Tower | 94 | 2820 | / | 1880 |
| Arcane Tower | 5 | 350 | / | 250 |
| Guard Tower | 78 | 5460 | / | 3900 |
| Altar of Kings | 1 | 180 | / | 50 |
| Farm | 8 | 640 | / | 160 |
| Lumber Mill | 1 | 120 | / | 0 |
| Arcane Vault | 2 | 260 | / | 60 |
| Town Hall | 3 | 1155 | / | 615 |
| Blacksmith | 1 | 140 | / | 60 |
| Barracks | 1 | 160 | / | 60 |
| Arcane Sanctum | 1 | 150 | / | 140 |
| Gryphon Aviary | 2 | 280 | / | 300 |
| Keep | 1 | 320 | / | 210 |
| Castle | 1 | 360 | / | 210 |
| total: | 114 | 5905g | / | 3325w |
| 0:02 | Peasant |
| 0:02 | Peasant |
| 0:08 | Altar of Kings |
| 0:18 | Farm |
| 0:21 | Peasant |
| 0:28 | Lumber Mill |
| 0:37 | Peasant |
| 0:40 | Peasant |
| 0:58 | Peasant |
| 1:06 | Peasant |
| 1:19 | Scout Tower |
| 1:23 | Scout Tower |
| 1:25 | Farm |
| 1:27 | Peasant |
| 1:37 | Peasant |
| 1:40 | Scout Tower |
| 1:43 | Scout Tower |
| 1:46 | Arcane Tower |
| 1:46 | Arcane Tower |
| 1:54 | Peasant |
| 1:56 | Arcane Tower |
| 2:05 | Peasant |
| 2:06 | Peasant |
| 2:09 | Blizzard |
| 2:11 | Guard Tower |
| 2:12 | Guard Tower |
| 2:16 | Scout Tower |
| 2:24 | Guard Tower |
| 2:28 | Peasant |
| 2:52 | Scout Tower |
| 2:53 | Scout Tower |
| 2:59 | Guard Tower |
| 3:00 | Scout Tower |
| 3:18 | Guard Tower |
| 3:23 | Scout Tower |
| 3:26 | Guard Tower |
| 3:27 | Scout Tower |
| 3:41 | Staff of Teleportation |
| 3:41 | Boots of Speed |
| 3:50 | Keep |
| 4:10 | Farm |
| 4:11 | Farm |
| 4:25 | Guard Tower |
| 4:25 | Guard Tower |
| 4:41 | Guard Tower |
| 5:22 | Scout Tower |
| 5:22 | Scout Tower |
| 5:26 | Scout Tower |
| 5:27 | Scout Tower |
| 5:27 | Scout Tower |
| 5:43 | Scout Tower |
| 5:43 | Scout Tower |
| 5:44 | Scout Tower |
| 5:44 | Scout Tower |
| 5:44 | Scout Tower |
| 6:14 | Guard Tower |
| 6:16 | Arcane Sanctum |
| 6:25 | Guard Tower |
| 6:28 | Guard Tower |
| 6:28 | Castle |
| 6:31 | Scout Tower |
| 6:31 | Scout Tower |
| 6:40 | Guard Tower |
| 6:40 | Guard Tower |
| 6:41 | Scout Tower |
| 6:52 | Guard Tower |
| 6:54 | Improved Masonry |
| 6:54 | Advanced Masonry |
| 7:09 | Storm Bolt |
| 7:36 | Guard Tower |
| 7:37 | Scout Tower |
| 7:37 | Scout Tower |
| 7:38 | Scout Tower |
| 8:15 | Magic Sentry |
| 8:15 | Priest |
| 8:17 | Imbued Masonry |
| 8:19 | Guard Tower |
| 8:21 | Scout Tower |
| 8:22 | Scout Tower |
| 8:25 | Guard Tower |
| 8:53 | Arcane Vault |
| 8:55 | Arcane Vault |
| 9:16 | Guard Tower |
| 9:22 | Guard Tower |
| 9:48 | Holy Light |
| 10:15 | Brilliance Aura |
| 10:17 | Boots of Speed |
| 10:28 | Scout Tower |
| 10:28 | Scout Tower |
| 10:30 | Gryphon Aviary |
| 10:49 | Staff of Sanctuary |
| 11:28 | Bash |
| 11:37 | Guard Tower |
| 11:40 | Scout Tower |
| 11:41 | Scout Tower |
| 11:54 | Scout Tower |
| 11:55 | Scout Tower |
| 11:55 | Scout Tower |
| 11:58 | Farm |
| 11:59 | Farm |
| 12:07 | Farm |
| 12:07 | Farm |
| 12:11 | Staff of Sanctuary |
| 12:25 | Scout Tower |
| 12:26 | Scout Tower |
| 12:26 | Scout Tower |
| 12:27 | Scout Tower |
| 12:27 | Scout Tower |
| 12:27 | Scout Tower |
| 13:15 | Guard Tower |
| 13:18 | Town Hall |
| 13:19 | Guard Tower |
| 13:30 | Guard Tower |
| 13:31 | Scout Tower |
| 13:32 | Scout Tower |
| 13:32 | Scout Tower |
| 13:36 | Blacksmith |
| 13:37 | Barracks |
| 14:38 | Town Hall |
| 15:30 | Iron Forged Swords |
| 15:30 | Studded Leather Armor |
| 15:31 | Dragonhawk Rider |
| 15:37 | Scout Tower |
| 15:37 | Scout Tower |
| 15:38 | Scout Tower |
| 15:38 | Scout Tower |
| 15:44 | Guard Tower |
| 15:45 | Scout Tower |
| 16:14 | Guard Tower |
| 16:14 | Guard Tower |
| 16:38 | Staff of Sanctuary |
| 17:00 | Boots of Speed |
| 17:09 | Staff of Teleportation |
| 17:23 | Scout Tower |
| 17:24 | Scout Tower |
| 17:24 | Scout Tower |
| 17:26 | Guard Tower |
| 17:32 | Animal War Training |
| 17:53 | Orb of Venom |
| 17:56 | Guard Tower |
| 18:01 | Dragonhawk Rider |
| 18:35 | Guard Tower |
| 18:50 | Divine Shield |
| 19:11 | Guard Tower |
| 19:13 | Scout Tower |
| 19:17 | Scout Tower |
| 19:18 | Scout Tower |
| 19:18 | Scout Tower |
| 19:18 | Scout Tower |
| 19:19 | Scout Tower |
| 19:19 | Scout Tower |
| 19:19 | Scout Tower |
| 19:19 | Scout Tower |
| 19:20 | Scout Tower |
| 19:20 | Scout Tower |
| 19:20 | Scout Tower |
| 19:20 | Scout Tower |
| 19:21 | Scout Tower |
| 19:21 | Scout Tower |
| 19:21 | Scout Tower |
| 19:21 | Scout Tower |
| 19:21 | Scout Tower |
| 19:59 | Blizzard |
| 20:02 | Storm Bolt |
| 20:35 | Guard Tower |
| 20:40 | Guard Tower |
| 22:18 | Scout Tower |
| 22:19 | Scout Tower |
| 22:19 | Scout Tower |
| 22:19 | Scout Tower |
| 22:19 | Scout Tower |
| 22:20 | Scout Tower |
| 22:20 | Scout Tower |
| 22:21 | Scout Tower |
| 22:21 | Scout Tower |
| 22:21 | Scout Tower |
| 22:25 | Dragonhawk Rider |
| 22:45 | Guard Tower |
| 22:48 | Guard Tower |
| 23:51 | Staff of Teleportation |
| 24:36 | Guard Tower |
| 24:40 | Town Hall |
| 24:43 | Scout Tower |
| 24:44 | Scout Tower |
| 24:44 | Scout Tower |
| 24:44 | Scout Tower |
| 24:44 | Scout Tower |
| 24:44 | Scout Tower |
| 24:45 | Scout Tower |
| 24:45 | Scout Tower |
| 24:45 | Scout Tower |
| 24:45 | Scout Tower |
| 24:45 | Scout Tower |
| 24:45 | Scout Tower |
| 24:45 | Scout Tower |
| 24:45 | Scout Tower |
| 25:20 | Guard Tower |
| 25:37 | Guard Tower |
| 25:47 | Steel Forged Swords |
| 25:47 | Reinforced Leather Armor |
| 25:48 | Dragonhawk Rider |
| 25:48 | Dragonhawk Rider |
| 25:57 | Holy Light |
| 26:15 | Brilliance Aura |
| 26:21 | Guard Tower |
| 26:34 | Bash |
| 26:59 | Guard Tower |
| 27:12 | Gryphon Aviary |
| 27:13 | Dragonhawk Rider |
| 27:14 | Cloud |
| 28:21 | Dragonhawk Rider |
| Right click | 3180 |
| Select | 1079 |
| Select group | 665 |
| Build/train/purchase | 189 |
| Use ability | 108 |
| Resource trade | 25 |
| Assign group | 17 |
| Chat | 16 |
| Misc. action | 6 |
| Item give/drop | 5 |
| Minimap ping | 4 |


| Lesser Clarity Potion | 2 | 140 |
| Orb of Venom | 2 | 650 |
| Staff of Preservation | 2 | 300 |
| Moonstone | 1 | 50 |
| Potion of Healing | 1 | 150 |
| Boots of Speed | 2 | 500 |
| Staff of Teleportation | 2 | 300 |
| Circlet of Nobility | 2 | 350 |
| Scroll of Regeneration | 1 | 100 |
| Staff of Sanctuary | 1 | 250 |
| total: | 16 | 2790g |
| Wisp | 71 | 4260 | / | 0 |
| total: | 71 | 4260g | / | 0w |
| Altar of Elders | 1 | 180 | / | 50 |
| Moon Well | 28 | 5040 | / | 1120 |
| Tree of Life | 10 | 3400 | / | 1850 |
| Ancient of Wonders | 7 | 630 | / | 210 |
| Hunter's Hall | 1 | 210 | / | 100 |
| Tree of Ages | 5 | 1600 | / | 900 |
| Tree of Eternity | 4 | 1320 | / | 800 |
| total: | 47 | 9460g | / | 3330w |
| 0:02 | Wisp |
| 0:04 | Altar of Elders |
| 0:06 | Wisp |
| 0:18 | Moon Well |
| 0:19 | Wisp |
| 0:27 | Wisp |
| 0:38 | Wisp |
| 0:52 | Wisp |
| 1:13 | Moon Well |
| 1:15 | Wisp |
| 1:24 | Wisp |
| 1:30 | Wisp |
| 1:38 | Wisp |
| 1:50 | Wisp |
| 2:02 | Wisp |
| 2:06 | Entangling Roots |
| 2:14 | Wisp |
| 2:29 | Moon Well |
| 2:30 | Wisp |
| 3:08 | Wisp |
| 3:21 | Wisp |
| 3:23 | Moon Well |
| 3:27 | Moon Well |
| 3:28 | Wisp |
| 3:53 | Moon Well |
| 4:05 | Wisp |
| 4:06 | Wisp |
| 4:54 | Moon Well |
| 4:57 | Wisp |
| 4:57 | Wisp |
| 5:34 | Tree of Ages |
| 5:47 | Moon Well |
| 6:30 | Moon Well |
| 6:37 | Moon Well |
| 6:43 | Moon Well |
| 8:04 | Tree of Life |
| 8:47 | Thorns Aura |
| 8:51 | Frost Arrows |
| 9:01 | Wisp |
| 9:01 | Wisp |
| 9:52 | Wisp |
| 9:52 | Wisp |
| 9:52 | Wisp |
| 10:21 | Boots of Speed |
| 10:33 | Tree of Life |
| 11:09 | Wisp |
| 11:11 | Wisp |
| 11:50 | Tree of Life |
| 12:01 | Moon Well |
| 12:26 | Wisp |
| 12:26 | Wisp |
| 12:28 | Wisp |
| 12:35 | Boots of Speed |
| 12:56 | Wisp |
| 13:06 | Moon Well |
| 13:14 | Tree of Eternity |
| 13:14 | Tree of Eternity |
| 13:21 | Wisp |
| 13:21 | Wisp |
| 13:36 | Wisp |
| 13:51 | Wisp |
| 13:51 | Wisp |
| 13:54 | Staff of Teleportation |
| 13:58 | Circlet of Nobility |
| 14:14 | Tree of Life |
| 14:17 | Wisp |
| 14:18 | Wisp |
| 14:34 | Moon Well |
| 14:34 | Moon Well |
| 14:36 | Forked Lightning |
| 14:44 | Wisp |
| 14:45 | Wisp |
| 15:05 | Entangling Roots |
| 15:21 | Ancient of Wonders |
| 16:06 | Ancient of Wonders |
| 16:08 | Scroll of Regeneration |
| 16:11 | Ancient of Wonders |
| 16:14 | Ancient of Wonders |
| 16:15 | Lesser Clarity Potion |
| 16:17 | Lesser Clarity Potion |
| 16:28 | Orb of Venom |
| 16:29 | Staff of Preservation |
| 16:35 | Wisp |
| 16:35 | Wisp |
| 16:35 | Wisp |
| 16:35 | Wisp |
| 16:36 | Wisp |
| 16:37 | Wisp |
| 16:38 | Wisp |
| 16:38 | Wisp |
| 16:42 | Moon Well |
| 16:45 | Ancient of Wonders |
| 16:59 | Moonstone |
| 17:01 | Potion of Healing |
| 17:31 | Hunter's Hall |
| 17:33 | Tree of Life |
| 17:48 | Wisp |
| 17:49 | Wisp |
| 17:51 | Moon Well |
| 18:15 | Ancient of Wonders |
| 18:17 | Staff of Preservation |
| 18:20 | Circlet of Nobility |
| 18:38 | Well Spring |
| 19:09 | Moon Well |
| 19:11 | Wisp |
| 19:11 | Wisp |
| 19:23 | Ancient of Wonders |
| 19:41 | Frost Arrows |
| 20:03 | Orb of Venom |
| 20:10 | Wisp |
| 20:10 | Wisp |
| 20:12 | Tree of Life |
| 20:14 | Moon Well |
| 20:17 | Ultravision |
| 20:42 | Tree of Life |
| 20:51 | Wisp |
| 20:51 | Wisp |
| 20:51 | Wisp |
| 20:52 | Wisp |
| 20:52 | Wisp |
| 21:16 | Moon Well |
| 21:54 | Moon Well |
| 22:22 | Moon Well |
| 22:33 | Staff of Teleportation |
| 22:40 | Tree of Life |
| 22:44 | Tree of Life |
| 22:47 | Wisp |
| 22:47 | Wisp |
| 22:47 | Wisp |
| 22:47 | Wisp |
| 22:47 | Wisp |
| 22:52 | Moon Well |
| 22:52 | Moon Well |
| 23:03 | Tree of Ages |
| 23:03 | Tree of Ages |
| 23:33 | Staff of Sanctuary |
| 24:12 | Tree of Life |
| 24:36 | Moon Well |
| 24:58 | Moon Well |
| 25:05 | Moon Well |
| 25:13 | Wisp |
| 25:13 | Wisp |
| 25:13 | Wisp |
| 25:13 | Wisp |
| 25:14 | Wisp |
| 25:29 | Nature's Blessing |
| 25:32 | Moon Well |
| 26:04 | Forked Lightning |
| 26:17 | Thorns Aura |
| 28:03 | Wisp |
| Right click | 1722 |
| Select group | 729 |
| Assign group | 491 |
| Select | 336 |
| Resource trade | 253 |
| Build/train/purchase | 210 |
| Use ability | 70 |
| Chat | 56 |
| Misc. action | 33 |
| Item give/drop | 6 |
| Minimap ping | 1 |



| Staff of Sanctuary | 1 | 250 |
| Orb of Fire | 1 | 325 |
| Staff of Teleportation | 3 | 450 |
| total: | 5 | 1025g |
| Peasant | 21 | 1575 | / | 0 |
| total: | 21 | 1575g | / | 0w |
| Scout Tower | 173 | 5190 | / | 3460 |
| Guard Tower | 92 | 6440 | / | 4600 |
| Arcane Tower | 2 | 140 | / | 100 |
| Altar of Kings | 2 | 360 | / | 100 |
| Farm | 5 | 400 | / | 100 |
| Lumber Mill | 1 | 120 | / | 0 |
| Arcane Vault | 2 | 260 | / | 60 |
| Blacksmith | 1 | 140 | / | 60 |
| Arcane Sanctum | 1 | 150 | / | 140 |
| Keep | 1 | 320 | / | 210 |
| Castle | 1 | 360 | / | 210 |
| total: | 185 | 6620g | / | 3920w |
| 0:01 | Peasant |
| 0:03 | Altar of Kings |
| 0:14 | Peasant |
| 0:17 | Farm |
| 0:22 | Peasant |
| 0:36 | Peasant |
| 0:49 | Lumber Mill |
| 0:51 | Peasant |
| 0:59 | Peasant |
| 1:08 | Peasant |
| 1:10 | Farm |
| 1:36 | Peasant |
| 1:38 | Scout Tower |
| 1:38 | Scout Tower |
| 1:47 | Scout Tower |
| 1:51 | Peasant |
| 2:04 | Guard Tower |
| 2:09 | Scout Tower |
| 2:10 | Peasant |
| 2:15 | Arcane Tower |
| 2:21 | Blizzard |
| 2:29 | Arcane Tower |
| 2:30 | Peasant |
| 3:01 | Scout Tower |
| 3:02 | Scout Tower |
| 3:08 | Guard Tower |
| 3:10 | Scout Tower |
| 3:11 | Scout Tower |
| 3:27 | Peasant |
| 3:27 | Peasant |
| 3:32 | Scout Tower |
| 3:34 | Scout Tower |
| 3:36 | Guard Tower |
| 3:37 | Guard Tower |
| 3:38 | Peasant |
| 3:50 | Scout Tower |
| 3:51 | Scout Tower |
| 3:53 | Scout Tower |
| 4:11 | Guard Tower |
| 4:27 | Guard Tower |
| 4:28 | Scout Tower |
| 4:29 | Scout Tower |
| 4:37 | Guard Tower |
| 4:52 | Scout Tower |
| 4:53 | Scout Tower |
| 4:56 | Guard Tower |
| 4:57 | Guard Tower |
| 4:58 | Scout Tower |
| 4:59 | Scout Tower |
| 5:45 | Guard Tower |
| 5:46 | Scout Tower |
| 5:47 | Scout Tower |
| 5:49 | Guard Tower |
| 5:50 | Scout Tower |
| 5:50 | Scout Tower |
| 5:53 | Keep |
| 6:02 | Scout Tower |
| 6:04 | Scout Tower |
| 6:22 | Guard Tower |
| 6:23 | Scout Tower |
| 6:23 | Scout Tower |
| 6:26 | Improved Masonry |
| 6:34 | Guard Tower |
| 6:44 | Scout Tower |
| 6:44 | Scout Tower |
| 6:44 | Scout Tower |
| 6:45 | Scout Tower |
| 6:51 | Scout Tower |
| 6:51 | Scout Tower |
| 6:52 | Scout Tower |
| 7:08 | Guard Tower |
| 7:33 | Guard Tower |
| 7:36 | Scout Tower |
| 7:37 | Scout Tower |
| 7:37 | Scout Tower |
| 7:56 | Scout Tower |
| 7:57 | Scout Tower |
| 7:58 | Scout Tower |
| 7:58 | Scout Tower |
| 8:00 | Guard Tower |
| 8:02 | Scout Tower |
| 8:03 | Scout Tower |
| 8:03 | Scout Tower |
| 8:14 | Peasant |
| 8:14 | Peasant |
| 8:16 | Guard Tower |
| 8:16 | Guard Tower |
| 8:51 | Guard Tower |
| 8:51 | Scout Tower |
| 8:52 | Scout Tower |
| 8:56 | Guard Tower |
| 8:57 | Scout Tower |
| 8:58 | Scout Tower |
| 8:58 | Scout Tower |
| 8:59 | Scout Tower |
| 9:19 | Guard Tower |
| 9:23 | Advanced Masonry |
| 9:31 | Farm |
| 9:31 | Farm |
| 9:42 | Scout Tower |
| 9:43 | Scout Tower |
| 9:44 | Guard Tower |
| 9:46 | Guard Tower |
| 9:58 | Guard Tower |
| 10:00 | Guard Tower |
| 10:09 | Brilliance Aura |
| 10:21 | Staff of Teleportation |
| 10:24 | Guard Tower |
| 10:26 | Scout Tower |
| 10:26 | Scout Tower |
| 10:28 | Peasant |
| 10:28 | Peasant |
| 10:39 | Guard Tower |
| 10:41 | Scout Tower |
| 10:42 | Scout Tower |
| 10:50 | Scout Tower |
| 10:51 | Scout Tower |
| 10:52 | Guard Tower |
| 10:57 | Guard Tower |
| 10:59 | Scout Tower |
| 10:59 | Scout Tower |
| 11:00 | Scout Tower |
| 11:13 | Scout Tower |
| 11:39 | Guard Tower |
| 11:39 | Guard Tower |
| 11:47 | Scout Tower |
| 11:48 | Scout Tower |
| 11:48 | Scout Tower |
| 11:49 | Scout Tower |
| 11:49 | Scout Tower |
| 11:49 | Scout Tower |
| 11:57 | Guard Tower |
| 12:07 | Storm Bolt |
| 12:19 | Arcane Sanctum |
| 12:36 | Scout Tower |
| 12:36 | Scout Tower |
| 12:37 | Scout Tower |
| 12:38 | Scout Tower |
| 12:50 | Scout Tower |
| 12:51 | Scout Tower |
| 12:58 | Castle |
| 13:23 | Guard Tower |
| 13:28 | Guard Tower |
| 13:31 | Scout Tower |
| 13:32 | Scout Tower |
| 14:02 | Staff of Teleportation |
| 14:07 | Magic Sentry |
| 14:11 | Scout Tower |
| 14:11 | Scout Tower |
| 14:12 | Scout Tower |
| 14:12 | Scout Tower |
| 14:13 | Scout Tower |
| 14:13 | Scout Tower |
| 14:14 | Guard Tower |
| 15:15 | Farm |
| 15:16 | Arcane Vault |
| 15:17 | Arcane Vault |
| 15:21 | Guard Tower |
| 15:22 | Scout Tower |
| 15:23 | Scout Tower |
| 15:23 | Scout Tower |
| 15:24 | Scout Tower |
| 15:39 | Staff of Sanctuary |
| 15:53 | Guard Tower |
| 16:02 | Scout Tower |
| 16:02 | Scout Tower |
| 16:03 | Scout Tower |
| 17:03 | Guard Tower |
| 17:04 | Scout Tower |
| 17:05 | Scout Tower |
| 17:06 | Scout Tower |
| 17:06 | Scout Tower |
| 17:07 | Scout Tower |
| 17:08 | Scout Tower |
| 17:09 | Scout Tower |
| 17:09 | Scout Tower |
| 17:10 | Scout Tower |
| 17:11 | Scout Tower |
| 17:12 | Scout Tower |
| 17:49 | Scout Tower |
| 18:36 | Guard Tower |
| 18:40 | Imbued Masonry |
| 18:51 | Guard Tower |
| 18:52 | Guard Tower |
| 18:58 | Scout Tower |
| 18:59 | Scout Tower |
| 19:00 | Scout Tower |
| 19:00 | Scout Tower |
| 19:02 | Scout Tower |
| 19:03 | Scout Tower |
| 19:03 | Scout Tower |
| 19:04 | Scout Tower |
| 19:04 | Scout Tower |
| 19:05 | Scout Tower |
| 19:06 | Scout Tower |
| 19:06 | Scout Tower |
| 19:07 | Scout Tower |
| 19:15 | Holy Light |
| 19:30 | Scout Tower |
| 19:31 | Guard Tower |
| 19:58 | Staff of Teleportation |
| 20:02 | Guard Tower |
| 20:04 | Scout Tower |
| 20:05 | Scout Tower |
| 20:05 | Scout Tower |
| 20:05 | Scout Tower |
| 20:06 | Scout Tower |
| 20:07 | Scout Tower |
| 20:08 | Scout Tower |
| 20:09 | Scout Tower |
| 20:10 | Scout Tower |
| 21:09 | Peasant |
| 21:09 | Peasant |
| 21:10 | Peasant |
| 21:51 | Bash |
| 22:10 | Scout Tower |
| 22:10 | Scout Tower |
| 22:11 | Scout Tower |
| 22:12 | Scout Tower |
| 22:12 | Scout Tower |
| 22:12 | Scout Tower |
| 22:13 | Scout Tower |
| 22:13 | Scout Tower |
| 22:22 | Scout Tower |
| 22:22 | Scout Tower |
| 22:43 | Scout Tower |
| 22:44 | Scout Tower |
| 22:45 | Scout Tower |
| 22:47 | Scout Tower |
| 22:48 | Scout Tower |
| 22:49 | Scout Tower |
| 23:06 | Orb of Fire |
| 23:11 | Scout Tower |
| 23:11 | Scout Tower |
| 23:12 | Scout Tower |
| 23:12 | Scout Tower |
| 23:13 | Scout Tower |
| 23:13 | Scout Tower |
| 23:14 | Guard Tower |
| 23:14 | Guard Tower |
| 23:14 | Guard Tower |
| 23:15 | Guard Tower |
| 23:21 | Guard Tower |
| 23:24 | Guard Tower |
| 23:25 | Guard Tower |
| 23:25 | Guard Tower |
| 23:25 | Guard Tower |
| 23:27 | Guard Tower |
| 23:29 | Scout Tower |
| 23:29 | Scout Tower |
| 23:30 | Scout Tower |
| 23:31 | Scout Tower |
| 23:32 | Scout Tower |
| 23:32 | Scout Tower |
| 23:32 | Scout Tower |
| 23:33 | Scout Tower |
| 24:10 | Blizzard |
| 24:14 | Guard Tower |
| 24:19 | Guard Tower |
| 24:20 | Scout Tower |
| 24:21 | Scout Tower |
| 24:21 | Scout Tower |
| 24:21 | Scout Tower |
| 24:37 | Guard Tower |
| 24:44 | Guard Tower |
| 24:44 | Guard Tower |
| 24:45 | Guard Tower |
| 24:46 | Guard Tower |
| 24:56 | Scout Tower |
| 25:04 | Guard Tower |
| 25:15 | Guard Tower |
| 25:21 | Scout Tower |
| 25:23 | Scout Tower |
| 25:24 | Scout Tower |
| 25:24 | Scout Tower |
| 25:25 | Scout Tower |
| 25:25 | Scout Tower |
| 25:52 | Guard Tower |
| 25:53 | Scout Tower |
| 25:54 | Scout Tower |
| 25:54 | Scout Tower |
| 25:55 | Scout Tower |
| 25:57 | Guard Tower |
| 25:59 | Guard Tower |
| 26:01 | Guard Tower |
| 26:01 | Scout Tower |
| 26:02 | Scout Tower |
| 26:03 | Scout Tower |
| 26:03 | Scout Tower |
| 26:47 | Divine Shield |
| 27:08 | Guard Tower |
| 27:11 | Guard Tower |
| 27:34 | Storm Bolt |
| 28:05 | Guard Tower |
| 28:06 | Blacksmith |
| 28:15 | Altar of Kings |
| Right click | 1845 |
| Select | 1094 |
| Select group | 328 |
| Build/train/purchase | 187 |
| Assign group | 114 |
| Use ability | 91 |
| Minimap ping | 22 |
| Chat | 16 |
| Item give/drop | 4 |
113 units @ 16.6k
/ 3.2k
78 buildings @ 9.8k
/ 4.6k


| Lesser Clarity Potion | 9 | 630 |
| Healing Salve | 5 | 500 |
| Orb of Lightning | 1 | 375 |
| Scroll of Speed | 1 | 50 |
| Scroll of Town Portal | 1 | 350 |
| Potion of Invisibility | 1 | 100 |
| Potion of Lesser Invulnerability | 1 | 150 |
| total: | 19 | 2155g |
| Peon | 15 | 1125 | / | 0 |
| Grunt | 1 | 200 | / | 0 |
| Demolisher | 12 | 2640 | / | 600 |
| Troll Batrider | 5 | 800 | / | 200 |
| Kodo Beast | 1 | 255 | / | 60 |
| total: | 34 | 5020g | / | 860w |
| Watch Tower | 6 | 660 | / | 480 |
| Altar of Storms | 1 | 180 | / | 50 |
| Orc Burrow | 6 | 960 | / | 240 |
| Voodoo Lounge | 1 | 130 | / | 30 |
| Barracks | 2 | 360 | / | 100 |
| War Mill | 1 | 205 | / | 0 |
| Great Hall | 1 | 385 | / | 185 |
| Spirit Lodge | 1 | 150 | / | 150 |
| Beastiary | 2 | 290 | / | 280 |
| Stronghold | 2 | 630 | / | 380 |
| Fortress | 2 | 650 | / | 380 |
| total: | 21 | 3320g | / | 1515w |
| 0:02 | Peon |
| 0:02 | Peon |
| 0:02 | Peon |
| 0:02 | Peon |
| 0:02 | Peon |
| 0:10 | Altar of Storms |
| 0:19 | Orc Burrow |
| 0:35 | Peon |
| 0:50 | Voodoo Lounge |
| 0:55 | Peon |
| 0:56 | Peon |
| 1:16 | Peon |
| 1:47 | Peon |
| 2:07 | Stronghold |
| 2:09 | Lesser Clarity Potion |
| 2:09 | Healing Salve |
| 2:10 | Lesser Clarity Potion |
| 2:11 | Wind Walk |
| 2:52 | Barracks |
| 3:34 | Orc Burrow |
| 3:56 | War Mill |
| 4:09 | Orc Burrow |
| 5:13 | Fortress |
| 6:09 | Reinforced Defenses |
| 6:12 | Lesser Clarity Potion |
| 6:12 | Lesser Clarity Potion |
| 6:12 | Healing Salve |
| 6:14 | Serpent Ward |
| 6:27 | Grunt |
| 6:29 | Spirit Lodge |
| 6:32 | Beastiary |
| 6:36 | Beastiary |
| 7:09 | Demolisher |
| 7:23 | Steel Ranged Weapons |
| 7:26 | Orc Burrow |
| 7:48 | Peon |
| 7:48 | Peon |
| 7:56 | Critical Strike |
| 8:25 | Demolisher |
| 8:25 | Burning Oil |
| 8:27 | Barracks |
| 8:57 | Healing Wave |
| 9:40 | Demolisher |
| 9:50 | Lesser Clarity Potion |
| 9:50 | Healing Salve |
| 9:59 | Liquid Fire |
| 10:18 | Demolisher |
| 10:20 | Orc Burrow |
| 10:23 | Orc Burrow |
| 11:07 | Wind Walk |
| 11:09 | Demolisher |
| 11:26 | Potion of Invisibility |
| 11:27 | Potion of Lesser Invulnerability |
| 11:38 | Scroll of Town Portal |
| 12:56 | Serpent Ward |
| 13:22 | Troll Batrider |
| 13:23 | Troll Batrider |
| 13:37 | Lesser Clarity Potion |
| 15:51 | Great Hall |
| 15:53 | Watch Tower |
| 15:54 | Watch Tower |
| 15:54 | Watch Tower |
| 16:14 | Troll Batrider |
| 16:17 | Thorium Ranged Weapons |
| 16:54 | Healing Wave |
| 17:25 | Watch Tower |
| 17:25 | Watch Tower |
| 17:26 | Watch Tower |
| 19:00 | Critical Strike |
| 19:14 | Troll Batrider |
| 19:16 | Troll Batrider |
| 19:18 | Arcanite Ranged Weapons |
| 19:26 | Peon |
| 19:26 | Peon |
| 23:03 | War Drums Damage Increase |
| 23:04 | Kodo Beast |
| 23:05 | Demolisher |
| 23:10 | Lesser Clarity Potion |
| 23:10 | Healing Salve |
| 23:11 | Lesser Clarity Potion |
| 23:50 | Lesser Clarity Potion |
| 24:02 | Orb of Lightning |
| 24:06 | Scroll of Speed |
| 24:28 | Demolisher |
| 24:29 | Demolisher |
| 24:30 | Demolisher |
| 24:31 | Demolisher |
| 25:40 | Demolisher |
| 25:42 | Steel Armor |
| 25:45 | Peon |
| 25:54 | Healing Salve |
| 26:25 | Demolisher |
| Right click | 1078 |
| Select | 928 |
| Misc. action | 323 |
| Select group | 152 |
| Build/train/purchase | 126 |
| Assign group | 84 |
| Use ability | 68 |
| Item give/drop | 2 |
| Esc | 2 |

| Lesser Clarity Potion | 2 | 140 |
| Mechanical Critter | 2 | 100 |
| Scroll of Regeneration | 1 | 100 |
| Potion of Healing | 2 | 300 |
| Orb of Venom | 1 | 325 |
| total: | 8 | 965g |
| Peasant | 17 | 1275 | / | 0 |
| Footman | 6 | 810 | / | 0 |
| Rifleman | 10 | 2050 | / | 300 |
| Mortar Team | 8 | 1440 | / | 560 |
| Siege Engine | 2 | 390 | / | 120 |
| Glaive Thrower | 9 | 1890 | / | 585 |
| Chimaera | 3 | 990 | / | 210 |
| total: | 55 | 8845g | / | 1775w |
| Scout Tower | 16 | 480 | / | 320 |
| Guard Tower | 7 | 490 | / | 350 |
| Arcane Tower | 1 | 70 | / | 50 |
| Farm | 10 | 800 | / | 200 |
| Altar of Kings | 1 | 180 | / | 50 |
| Barracks | 2 | 320 | / | 120 |
| Lumber Mill | 1 | 120 | / | 0 |
| Blacksmith | 1 | 140 | / | 60 |
| Town Hall | 2 | 770 | / | 410 |
| Arcane Vault | 3 | 390 | / | 90 |
| Workshop | 4 | 560 | / | 560 |
| Keep | 1 | 320 | / | 210 |
| Castle | 1 | 360 | / | 210 |
| Ancient of War | 2 | 300 | / | 120 |
| Moon Well | 1 | 180 | / | 40 |
| Chimaera Roost | 2 | 280 | / | 380 |
| Tree of Eternity | 1 | 330 | / | 200 |
| total: | 45 | 4520g | / | 2350w |
| 0:02 | Peasant |
| 0:03 | Peasant |
| 0:03 | Peasant |
| 0:15 | Farm |
| 0:22 | Altar of Kings |
| 0:26 | Peasant |
| 0:33 | Barracks |
| 0:45 | Peasant |
| 0:58 | Farm |
| 1:02 | Peasant |
| 1:02 | Peasant |
| 1:31 | Peasant |
| 1:31 | Peasant |
| 1:41 | Footman |
| 1:44 | Farm |
| 1:47 | Peasant |
| 2:01 | Lumber Mill |
| 2:02 | Peasant |
| 2:10 | Footman |
| 2:15 | Peasant |
| 2:25 | Summon Water Elemental |
| 2:50 | Footman |
| 3:02 | Scout Tower |
| 3:31 | Footman |
| 3:33 | Peasant |
| 3:33 | Peasant |
| 3:35 | Farm |
| 3:38 | Blacksmith |
| 4:03 | Brilliance Aura |
| 4:15 | Town Hall |
| 4:21 | Scout Tower |
| 4:22 | Scout Tower |
| 4:34 | Scout Tower |
| 4:39 | Scout Tower |
| 4:53 | Guard Tower |
| 4:55 | Arcane Vault |
| 5:04 | Footman |
| 5:07 | Farm |
| 5:18 | Peasant |
| 5:29 | Peasant |
| 5:33 | Arcane Tower |
| 5:34 | Guard Tower |
| 5:36 | Guard Tower |
| 5:39 | Guard Tower |
| 5:51 | Barracks |
| 6:17 | Footman |
| 6:25 | Keep |
| 6:36 | Summon Water Elemental |
| 6:41 | Peasant |
| 6:47 | Arcane Vault |
| 7:50 | Rifleman |
| 8:17 | Black Gunpowder |
| 8:19 | Farm |
| 8:22 | Rifleman |
| 8:30 | Defend |
| 8:51 | Castle |
| 8:55 | Workshop |
| 9:01 | Workshop |
| 9:34 | Rifleman |
| 9:36 | Rifleman |
| 10:02 | Workshop |
| 10:05 | Workshop |
| 10:11 | Mortar Team |
| 10:17 | Lesser Clarity Potion |
| 10:19 | Mechanical Critter |
| 10:19 | Mechanical Critter |
| 10:42 | Flare |
| 11:01 | Farm |
| 11:02 | Farm |
| 11:03 | Farm |
| 11:37 | Scroll of Regeneration |
| 11:49 | Fragmentation Shards |
| 11:51 | Mortar Team |
| 12:10 | Mortar Team |
| 12:13 | Farm |
| 12:17 | Glaive Thrower |
| 12:17 | Glaive Thrower |
| 12:22 | Ancient of War |
| 12:26 | Ancient of War |
| 12:44 | Mortar Team |
| 13:08 | Tree of Eternity |
| 13:13 | Mortar Team |
| 13:56 | Glaive Thrower |
| 13:58 | Vorpal Blades |
| 13:59 | Mortar Team |
| 14:22 | Brilliance Aura |
| 14:25 | Mortar Team |
| 14:45 | Glaive Thrower |
| 15:15 | Iron Plating |
| 15:17 | Siege Engine |
| 16:03 | Mana Burn |
| 16:03 | Mana Burn |
| 16:14 | Rifleman |
| 16:43 | Rifleman |
| 16:45 | Glaive Thrower |
| 17:45 | Mortar Team |
| 18:07 | Rifleman |
| 18:10 | Glaive Thrower |
| 19:13 | Chimaera Roost |
| 19:15 | Chimaera Roost |
| 19:26 | Rifleman |
| 19:30 | Lesser Clarity Potion |
| 19:31 | Orb of Venom |
| 20:09 | Scout Tower |
| 20:10 | Scout Tower |
| 20:11 | Scout Tower |
| 20:14 | Scout Tower |
| 20:15 | Scout Tower |
| 20:32 | Glaive Thrower |
| 20:36 | Hardened Skin |
| 20:48 | Scout Tower |
| 21:01 | Summon Water Elemental |
| 21:18 | Scout Tower |
| 21:21 | Scout Tower |
| 21:23 | Guard Tower |
| 22:05 | Guard Tower |
| 22:21 | Rifleman |
| 22:26 | Town Hall |
| 22:50 | Steel Plating |
| 22:55 | Glaive Thrower |
| 22:55 | Glaive Thrower |
| 23:20 | Scout Tower |
| 23:23 | Scout Tower |
| 24:07 | Guard Tower |
| 24:15 | Arcane Vault |
| 24:17 | Rifleman |
| 24:45 | Corrosive Breath |
| 25:09 | Scout Tower |
| 25:28 | Chimaera |
| 25:30 | Moon Well |
| 25:44 | Siege Engine |
| 25:56 | Potion of Healing |
| 26:13 | Potion of Healing |
| 27:04 | Chimaera |
| 27:12 | Chimaera |
| Right click | 930 |
| Select | 592 |
| Select group | 321 |
| Build/train/purchase | 133 |
| Assign group | 68 |
| Misc. action | 49 |
| Chat | 37 |
| Use ability | 20 |
| Resource trade | 15 |
| Remove unit | 2 |
| Minimap ping | 1 |

| Lesser Clarity Potion | 1 | 70 |
| Scroll of Town Portal | 1 | 350 |
| total: | 2 | 420g |
| Wisp | 17 | 1020 | / | 0 |
| Mountain Giant | 2 | 700 | / | 200 |
| Glaive Thrower | 5 | 1050 | / | 325 |
| total: | 24 | 2770g | / | 525w |
| Ancient Protector | 1 | 135 | / | 80 |
| Altar of Elders | 1 | 180 | / | 50 |
| Moon Well | 6 | 1080 | / | 240 |
| Ancient of Wonders | 1 | 90 | / | 30 |
| Hunter's Hall | 1 | 210 | / | 100 |
| Ancient of War | 1 | 150 | / | 60 |
| Ancient of Lore | 1 | 155 | / | 145 |
| Tree of Ages | 1 | 320 | / | 180 |
| total: | 12 | 2000g | / | 705w |
| 0:19 | Altar of Elders |
| 0:22 | Wisp |
| 0:22 | Wisp |
| 0:28 | Moon Well |
| 0:34 | Wisp |
| 0:35 | Wisp |
| 1:01 | Wisp |
| 1:31 | Wisp |
| 1:32 | Wisp |
| 1:32 | Wisp |
| 1:32 | Wisp |
| 1:43 | Ancient of Wonders |
| 1:51 | Moon Well |
| 1:56 | Moon Well |
| 1:57 | Moon Well |
| 2:26 | Evasion |
| 3:10 | Lesser Clarity Potion |
| 3:22 | Tree of Ages |
| 3:25 | Hunter's Hall |
| 3:55 | Moon Well |
| 4:54 | Ancient Protector |
| 5:03 | Moon Well |
| 5:10 | Mana Burn |
| 5:33 | Reinforced Hides |
| 5:35 | Strength of the Wild |
| 5:49 | Ancient of Lore |
| 6:01 | Scroll of Town Portal |
| 7:36 | Ancient of War |
| 7:41 | Mountain Giant |
| 7:42 | Mountain Giant |
| 8:46 | Glaive Thrower |
| 8:48 | Glaive Thrower |
| 9:40 | Glaive Thrower |
| 9:40 | Glaive Thrower |
| 9:40 | Glaive Thrower |
| 9:50 | Wisp |
| 9:50 | Wisp |
| 9:50 | Wisp |
| 9:50 | Wisp |
| 9:53 | Wisp |
| 9:54 | Wisp |
| 9:54 | Wisp |
| 9:54 | Wisp |
| Right click | 421 |
| Select | 104 |
| Build/train/purchase | 32 |
| Select group | 15 |
| Use ability | 10 |
| Assign group | 9 |
| Minimap ping | 1 |
⇛